 Dungeon Crawl Stone Soup version 0.21.1-1-g345015fe64 (webtiles) character file.

2360 Knicklaso the Skirmisher (level 9, -3/79 HPs)
             Began as a Hill Orc Fire Elementalist on Apr 24, 2018.
             Was a Follower of Beogh.
             Slain by a hornet (11 damage)
             ... on level 7 of the Dungeon.
             The game lasted 00:30:27 (8522 turns).

Knicklaso the Skirmisher (HOFE)                     Turns: 8522, Time: 00:30:28

Health: -3/79      AC:  5    Str: 11    XL:     9   Next: 44%
Magic:  10/25      EV: 12    Int: 18    God:    Beogh [*.....]
Gold:   382        SH:  0    Dex: 11    Spells: 7/18 levels left

rFire    . . .     SeeInvis .   d - +2 mace (protect)
rCold    . . .     Gourm    .   (no shield)
rNeg     . . .     Faith    .   a - +0 robe
rPois    .         Spirit   .   i - +0 helmet
rElec    .         Reflect  .   e - +1 cloak
rCorr    .         Harm     .   (no gloves)
MR       .....                  (no boots)
Stlth    ++........             (no amulet)
HPRegen  0.23/turn              f - ring of wizardry
MPRegen  0.19/turn              t - ring of magical power

@: lethally poisoned (-3 -> -32), slowed, drained, very slow
A: no striking features
a: Renounce Religion


You were on level 7 of the Dungeon.
You worshipped Beogh.
Beogh was aware of your devotion.
You were not hungry.

You visited 2 branches of the dungeon, and saw 8 of its levels.
You also visited: Sewer.

You collected 382 gold pieces.

Inventory:

Hand Weapons
 d - a +2 mace of protection (weapon)
 l - a +3 dagger
 E - a cursed -3 hunting sling
 J - a +0 dagger of venom
Armour
 a - a +0 robe (worn)
 e - a +1 cloak (worn)
 i - a +0 helmet (worn)
 C - +0 storm dragon scales
Jewellery
 f - a ring of wizardry (left hand)
 t - a ring of magical power (right hand)
 w - an uncursed ring of protection from cold
 B - an uncursed ring of see invisible
Wands
 D - a wand of paralysis (23)
 H - a wand of random effects (27)
Scrolls
 g - 3 scrolls of fear
 j - 2 scrolls of teleportation
 p - 2 scrolls of random uselessness {unknown}
 s - 2 scrolls of amnesia
 u - a scroll of enchant armour
 v - a scroll of remove curse
 y - 2 scrolls of fog
 G - 3 scrolls of blinking {unknown}
 I - 2 scrolls of enchant weapon {unknown}
 K - a scroll of magic mapping
Potions
 h - 2 potions of flight {unknown}
 k - a potion of heal wounds
 m - 2 potions of degeneration {unknown}
 n - 2 potions of might {unknown}
 o - 2 potions of mutation {unknown}
 q - a potion of brilliance {unknown}
 r - a potion of agility {unknown}
 x - a potion of resistance {unknown}
 z - 3 potions of curing {unknown}
 A - a potion of cancellation {unknown}
 F - 4 potions of invisibility
Books
 b - a book of Flames

   Spells                             Type                      Level
   a - Flame Tongue                   Conjuration/Fire             1
   b - Throw Flame                    Conjuration/Fire             2
   c - Conjure Flame                  Conjuration/Fire             3
   d - Inner Flame                    Hexes/Fire                   3
   e - Sticky Flame                   Conjuration/Fire             4
   f - Fireball                       Conjuration/Fire             5
Comestibles
 c - 10 rations


   Skills:
 + Level 7.5(7.0) Fighting
 - Level 1.5(1.1) Dodging
 - Level 1.5(1.1) Stealth
 + Level 5.1(4.6) Spellcasting
 + Level 6.1(5.6) Conjurations
 - Level 7.0(6.5) Fire Magic


You had 7 spell levels left.
You knew the following spells:

 Your Spells              Type           Power        Failure   Level  Hunger
a - Flame Tongue          Conj/Fire      ####.        1%          1    None
b - Throw Flame           Conj/Fire      ####..       1%          2    #......
c - Conjure Flame         Conj/Fire      ####....     1%          3    ###....
d - Fireball              Conj/Fire      ####......   12%         5    ######.


Dungeon Overview and Level Annotations

Branches:
Dungeon (7/15)             Temple (1/1) D:6

Altars:
Ashenzari
Cheibriados
Dithmenos
Elyvilon
Fedhas
Gozag
Hepliaklqana
Kikubaaqudgha
Nemelex Xobeh
Okawaru
Qazlal
Ru
Sif Muna
Trog
Uskayaw
Vehumet
Wu Jian
Xom
Yredelemnul
Zin
The Shining One


Message History

* * * LOW HITPOINT WARNING * * *
You are more poisoned.
You feel as though you will be slow longer.
You feel much better.
You feel very sick. The hornet stings you.
You suddenly lose the ability to move!
The hornet stings you!
* * * LOW HITPOINT WARNING * * *
You shrug off the repeated paralysis!
The hornet stings you.
* * * LOW HITPOINT WARNING * * *
You are more poisoned.
You shrug off the repeated paralysis!
You can move again.
You feel much better.
* * * LOW HITPOINT WARNING * * *
You feel very sick. The hornet stings you!
* * * LOW HITPOINT WARNING * * *
You shrug off the repeated paralysis!
The hornet stings you!
You die...

.. ## .# #. .. #.
.# #### #. .# ....
#.#. .### #.y# #@#
# #.# # #.# # #.#
##+## # #.# ##...##
# #.## ##.....###
#..## ##.......##
##...####.........#
#.......'.........'


You could see a hornet.

Vanquished Creatures
  Sigmund (D:6)
  An ice beast (D:5)
  Purgy (Sewer)
  A sky beast (D:6)
  4 ogres
  A centaur (D:5)
  3 big kobolds
  2 bullfrogs
  A scorpion (D:5)
  5 wights (D:6)
  A howler monkey (D:5)
  A centaur zombie (D:6)
  A jelly (D:6)
  4 orc priests (D:6)
  2 hounds
  7 orc wizards (D:6)
  2 iguanas
  3 worker ants
  A hound zombie (D:6)
  A hound skeleton (D:7)
  A worker ant zombie (D:6)
  4 gnolls
  12 adders
  A shadow imp (D:5)
  2 adder zombies
  An adder skeleton (D:6)
  6 worms
  2 dart slugs (D:1)
  3 leopard geckos
  12 orcs
  12 giant cockroaches
  6 goblins
  9 hobgoblins
  12 jackals
  13 kobolds
  4 quokkas
  8 bats
  3 frilled lizards
  A leopard gecko skeleton (D:6)
  A leopard gecko zombie (D:5)
  A quokka zombie (D:4)
  8 rats
165 creatures vanquished.

Vanquished Creatures (others)
  An orc priest (D:6)
1 creature vanquished.

Grand Total: 166 creatures vanquished

Notes
Turn   | Place    | Note
-------+----------+-------------------------------------------
     0 | D:1      | Knicklaso the Hill Orc Fire Elementalist began the quest for the Orb.
     0 | D:1      | Reached XP level 1. HP: 14/14 MP: 3/3
   247 | D:1      | Reached XP level 2. HP: 20/22 MP: 0/4
   305 | D:1      | Learned a level 2 spell: Throw Flame
   386 | D:1      | Reached skill level 1 in Fighting
   822 | D:1      | Reached XP level 3. HP: 28/28 MP: 5/5
  1521 | D:2      | You fall through a shaft!
  1556 | D:3      | Reached XP level 4. HP: 29/36 MP: 0/7
  1963 | D:3      | Noticed a big kobold
  1978 | D:3      | Killed a big kobold
  1978 | D:3      | Reached skill level 5 in Fire Magic
  1978 | D:3      | Reached XP level 5. HP: 37/42 MP: 0/8
  2069 | D:3      | Noticed a big kobold
  2143 | D:3      | Killed a big kobold
  2143 | D:3      | Reached XP level 6. HP: 31/51 MP: 0/9
  2989 | D:3      | Found a deep blue altar of Sif Muna.
  3968 | D:4      | Reached XP level 7. HP: 53/58 MP: 8/11
  4558 | D:4      | Learned a level 3 spell: Conjure Flame
  4704 | D:5      | Entered Level 5 of the Dungeon
  5073 | D:5      | Reached skill level 5 in Fighting
  5073 | D:5      | Reached XP level 8. HP: 50/68 MP: 2/13
  5973 | D:6      | Found a glowing drain.
  6001 | Sewer    | Entered a sewer
  6070 | Sewer    | Noticed Purgy
  6074 | Sewer    | Killed Purgy
  6324 | D:6      | Became a worshipper of Beogh the Brigand
  6370 | D:6      | Noticed Sigmund
  6378 | D:6      | Killed Sigmund
  6494 | D:6      | Learned a level 5 spell: Fireball
  6537 | D:6      | Reached skill level 5 in Conjurations
  6709 | D:6      | Reached XP level 9. HP: 47/78 MP: 6/15
  6934 | D:6      | Found a staircase to the Ecumenical Temple.
  7003 | Temple   | Entered the Ecumenical Temple
  7335 | D:6      | Reached * piety under Beogh
  7888 | D:6      | Reached skill level 5 in Spellcasting
  8510 | D:7      | Noticed a hornet
  8521 | D:7      | Paralysed by a hornet for 1 turns
  8522 | D:7      | Slain by a hornet

Skill      XL: |  1  2  3  4  5  6  7  8  9 |
---------------+----------------------------+-----
Fighting       | 1 2 3 5 6 7 |  7.5
Fire Magic     | 4 5 6 7 |  7.0
Spellcasting   | 2 3 4 5 |  5.1
Conjurations   | 2 5 6 |  6.1
Dodging        | |  1.5
Stealth        | |  1.5

Action                   |  1- 3 |  4- 6 |  7- 9 || total
-------------------------+-------+-------+-------++-------
Melee: Unarmed           |     1 |       |       ||     1
       Mace              |    33 |    43 |    23 ||    99
 Cast: Flame Tongue      |    38 |    98 |   190 ||   326
       Throw Flame       |    11 |    23 |    88 ||   122
       Fireball          |       |       |     6 ||     6
Invok: Convert to Beogh  |       |       |     1 ||     1
  Use: Scroll            |       |       |     8 ||     8
       Potion            |       |       |     2 ||     2
 Stab: Sleeping          |     1 |       |       ||     1
  Eat: Chunk             |     4 |     9 |    13 ||    26
       Ration            |       |       |     2 ||     2
Armor: Robe              |    11 |    27 |    29 ||    67
Dodge: Dodged            |    43 |    88 |    69 ||   200
